 Dungeon Crawl Stone Soup version 0.28.0-49-g6dfe1f597d (webtiles) character file.

Game seed: 8092258330114477126

66 Revguard the Chopper (level 3, 0/28 HPs)
             Began as a Demonspawn Gladiator on May 12, 2022.
             Slain by a jackal (3 damage)
             ... on level 1 of the Dungeon.
             The game lasted 00:04:12 (2398 turns).

Revguard the Chopper (Demonspawn Gladiator)         Turns: 2398, Time: 00:04:13

Health: 0/28       AC:  4    Str: 16    XL:     3   Next: 96%
Magic:  4/4        EV: 12    Int: 17    God:
Gold:   113        SH:  4    Dex: 14    Spells: 1/4 levels left

rFire   . . .      SeeInvis .   a - +0 war axe
rCold   . . .      Faith    .   (no shield)
rNeg    . . .      Spirit   .   b - +0 leather armour
rPois   .          Reflect  .   c - +0 helmet
rElec   .          Harm     .   (no cloak)
rCorr   .          Rampage  .   (no gloves)
Will    .....                   (no boots)
Stlth   +.........              (no amulet)
HPRegen 0.09/turn               i - +6 ring of intelligence
MPRegen 0.09/turn               (no ring)

@: no status effects
A: big brain 1, condensation shield
a: no special abilities


You were on level 1 of the Dungeon.
You visited 1 branch of the dungeon, and saw 3 of its levels.

You collected 113 gold pieces.

Inventory:

Hand Weapons
 a - a +0 war axe (weapon)
Missiles
 d - 3 throwing nets (quivered)
Armour
 b - a +0 leather armour (worn)
 c - a +0 helmet (worn)
Jewellery
 i - a +6 ring of intelligence (left hand)
Scrolls
 g - a scroll of vulnerability {unknown}
 j - a scroll of fog {unknown}
 k - 2 scrolls of identify {unknown}
Potions
 e - a potion of heal wounds {unknown}
 f - 2 potions of resistance {unknown}
 h - a potion of degeneration {unknown}


   Skills:
 + Level 2.4 Fighting
 + Level 3.0 Axes
 - Level 1.7 Throwing
 * Level 1.3 Armour
 + Level 2.9 Dodging
 * Level 1.1 Spellcasting
 + Level 0.0 Conjurations
 + Level 0.1 Earth Magic
 + Level 1.6 Invocations


You had one spell level left.
You knew the following spells:

 Your Spells              Type           Power      Damage    Failure   Level
a - Stone Arrow           Conj/Erth      2%         3d7       58%         3

Your spell library contained the following spells:

 Spells                   Type           Power      Damage    Failure   Level
 Sandblast                Erth           2%         2d4       24%         1
 Passwall                 Tmut/Erth      0%         N/A       36%         2


Dungeon Overview and Level Annotations

Branches:
Dungeon (3/15)

Altars:


Innate Abilities, Weirdness & Mutations

You have an unusually large brain. (Int +2)
A meltable shield of frost defends you. (SH +4)


Message History

The endoplasm freezes you.
You are frozen.
You barely miss the endoplasm.
The endoplasm is lightly wounded.
The endoplasm freezes you.
You are frozen.
* * * LOW HITPOINT WARNING * * *
You hit the endoplasm.
The endoplasm is moderately wounded.
The endoplasm freezes you.
You are frozen.
* * * LOW HITPOINT WARNING * * *
You hit the endoplasm but do no damage.
The endoplasm is lightly wounded.
The endoplasm barely misses you. You block the endoplasm's attack.
You slash the endoplasm!
You kill the endoplasm!
You see here a +0 club.
k - 2 scrolls labelled VEGESK MOAMUB (gained 1)
You start resting.
A jackal is nearby!
A jackal is nearby!
The jackal barks!
You hear a bark!
You see here a +0 club.
You barely miss the jackal. x2
The jackal bites you but does no damage. x2
The jackal barely misses you. The jackal bites you.
* * * LOW HITPOINT WARNING * * *
You slash the jackal!
You kill the jackal!
You closely miss the jackal. The jackal barely misses you.
You hit the jackal.
The jackal is heavily wounded.
The jackal barely misses you. The jackal misses you.
You closely miss the jackal.
The jackal is heavily wounded.
The jackal barely misses you. The jackal bites you.
* * * LOW HITPOINT WARNING * * *
The jackal bites you.
You die...

# # #.# ####.# ...#.#
##.#.# #.#.#
#.############# #.#.#
#..............
##.#.##########..)..(....
...............h@>#######
##.#.#######...h#.....#
#.#.# #..#######.#
##.#.### #. .......### #
# ##.#....... .#
#.#.##.### ..#
#.####.###...#
#............#


You could see 2 jackals.

Vanquished Creatures
  2 adders (D:2)
  2 worms (D:2)
  An orc (D:2)
  5 ball pythons
  6 endoplasms
  2 giant cockroaches
  4 goblins
  A hobgoblin (D:1)
  2 jackals (D:1)
  4 quokkas
  3 bats
  A frilled lizard (D:2)
  3 kobolds
  3 rats
39 creatures vanquished.

Notes
Turn   | Place    | Note
-------+----------+-------------------------------------------
     0 | D:1      | Revguard the Demonspawn Gladiator began the quest for the
                  | Orb.
     0 | D:1      | Reached XP level 1. HP: 16/16 MP: 1/1
   176 | D:1      | Gained mutation: You have an unusually large brain. (Int
                  | +2) [demonic ancestry]
   176 | D:1      | Reached XP level 2. HP: 20/22 MP: 2/2
   272 | D:1      | Reached skill level 1 in Invocations
   443 | D:1      | You fall into a shaft and drop 1 floor!
  1007 | D:2      | Reached skill level 1 in Armour
  1007 | D:2      | Gained mutation: A meltable shield of frost defends you.
                  | (SH +4) [demonic ancestry]
  1007 | D:2      | Reached XP level 3. HP: 8/28 MP: 3/3
  1436 | D:2      | Reached skill level 3 in Axes
  1441 | D:2      | Reached skill level 1 in Spellcasting
  1944 | D:3      | Learned a level 3 spell: Stone Arrow
  2398 | D:1      | Slain by a jackal

Illustrated notes

Levels and vault maps discovered:
D:1:      dpeg_arrival_erosion, layout_basic, basic_ecumenical_altar
D:2:      layout_loops_cross, hangedman_decor_push
D:3:      layout_basic, serial_curves, eino_curves_03, eino_curves_01,
          eino_curves_01

Skill      XL: |  1  2  3 |
---------------+----------+-----
Invocations    | 1 |  1.6
Armour         | 1 |  1.3
Axes           | 3 |  3.0
Spellcasting   | 1 |  1.1
Fighting       | |  2.4
Throwing       | |  1.7
Dodging        | |  2.9
Earth Magic    | |  0.1

Action                   || total
-------------------------++-------
Melee: War axe           ||   109
Throw: Throwing net      ||     1
 Stab: Sleeping          ||     1
Armor: Leather armour    ||    33
Dodge: Dodged            ||    71
Block: Other             ||     9
